cohdb
Replays
Latest Replays
All Replays
Popular Replays
Top Player Replays
Match Explorer
How It Works
Community
CoH3 Stats
Reddit
Sign in to upload your games and track your stats! →
Sign in with Steam
Match 34128034
Unlisted
Match 34128034
Overview
Messages
Build Orders
End
Selects Australian Defense Battlegroup
Selects Australian Light Infantry Section
Australian Light Infantry Section
Royal Engineer Section
Construct Section Command Post
Infantry Section
Infantry Section
Construct Platoon Command Post
Humber Armored Car
Construct Field Infirmary
Humber Armored Car
ML 3-inch Mortar Team
Construct Company Command Post
Foot Guards Section
Selects 2-pounder Anti-tank Gun Team
Selects CMP 15cwt Supply Run
Selects Reinforced Resource Caches
Royal Engineer Section
Crusader II Medium Tank
Matilda II Heavy Tank
mudcat
Goodvyn
0
0
Comments
sign in to comment!
No comments posted yet!